 Dungeon Crawl Stone Soup version 0.30-a0-4-ga7cffc901d (webtiles) character file.

Game seed: 16057346964971248069

2 jfcaron the Sneak (level 1, 0/20 HPs)
             Began as a Hill Orc Delver on Aug 22, 2022.
             Slain by a phantom (5 damage)
             ... on level 6 of the Dungeon.
             The game lasted 00:02:04 (121 turns).

jfcaron the Sneak (Hill Orc Delver)                  Turns: 121, Time: 00:02:04

Health: 0/20       AC:  3    Str: 14    XL:     1   Next: 30%
Magic:  1/1        EV: 11    Int: 10    God:
Gold:   8          SH:  0    Dex: 12    Spells: 0/0 levels left

rFire   . . .      SeeInvis .    h - +0 battleaxe
rCold   . . .      Faith    +    (shield currently unavailable)
rNeg    . . .      Spirit   .    b - +0 leather armour
rPois   .          Reflect  .    (no helmet)
rElec   .          Harm     .    (no cloak)
rCorr   .          Rampage  .    (no gloves)
Will    .....                    (no boots)
Stlth   ++........               i - amulet of faith
HPRegen 0.06/turn                (no ring)
MPRegen 0.07/turn                (no ring)

@: attractive, hasted, very quick
A: no striking features
a: no special abilities


You were on level 6 of the Dungeon.
You visited 1 branch of the dungeon, and saw 3 of its levels.

You collected 8 gold pieces.

Inventory:

Hand Weapons
 a - a +0 hand axe
 h - a +0 battleaxe (weapon)
Armour
 b - a +0 leather armour (worn)
Jewellery
 i - an amulet of faith (around neck)
Wands
 g - a wand of digging (3)
Scrolls
 c - a scroll of fog
 d - a scroll of immolation {unknown}
 e - a scroll of fear
 j - a scroll of silence {unknown}


   Skills:
 + Level 3.7 Fighting
 + Level 2.8 Axes
 - Level 1.5 Dodging
 - Level 4.1 Stealth


You couldn't memorise any spells.
You didn't know any spells.
Your spell library was empty.

Dungeon Overview and Level Annotations

Branches:
Dungeon (7/15)
 Temple: D:4-7

Altars:
Ru

Annotations:
D:5 Edmund, Pikel
D:6 1 transporter


Message History

The orc barely misses you. x2
You barely miss the orc.
The orc is heavily wounded.
The orc closely misses you.
You hit the orc.
You kill the orc!
You hit the phantom. The phantom hits you. x2
The phantom attacks as you move away! The phantom hits you.
There is an open door here.
You barely miss the phantom.
The phantom is lightly damaged.
The phantom hits you but does no damage.
You slash the phantom!
The phantom is heavily damaged.
The phantom hits you. x2
* * * LOW HITPOINT WARNING * * *
The phantom blinks!
You blink.
It was a potion of attraction.
You feel attractive to monsters. The phantom barely misses you.
You feel yourself speed up.
The phantom hits you but does no damage.
Okay, then.
Unknown command.
You closely miss the phantom.
The phantom is heavily damaged.
The phantom barely misses you.
You miss the phantom.
The phantom is heavily damaged.
The phantom closely misses you.
You closely miss the phantom.
The phantom is heavily damaged.
The phantom hits you but does no damage.
You barely miss the phantom.
The phantom is heavily damaged.
The phantom closely misses you.
You closely miss the phantom.
The phantom is heavily damaged.
The phantom hits you.
You die...

#...###### ##
#...##...##... ##
#............. ...
##................
#..##'#####....#
#.(##...###.?..##
#...+...>+.......
#...#.W..#......o
#...#..@.#.......
#.. #....#..h....
#.. #....#.......
#....###.....
#..... .####
#....## ##
#....#©. #...## ..
#...# ...


You could see a phantom.

Vanquished Creatures
  An orc (D:6)
1 creature vanquished.

Notes
Turn   | Place    | Note
-------+----------+-------------------------------------------
     0 | D:5      | jfcaron the Hill Orc Delver began the quest for the Orb.
     0 | D:5      | Reached XP level 1. HP: 19/19 MP: 1/1
     2 | D:5      | Found a sacrificial altar of Ru.
     9 | D:5      | Noticed a lemure
     9 | D:5      | Noticed Pikel
    10 | D:5      | Noticed Edmund
    10 | D:5      | Noticed a lemure
    10 | D:5      | Noticed a lemure
    26 | D:5      | Noticed a lemure
    33 | D:5      | You fall into a shaft and drop 2 floors!
    79 | D:6      | Found a transporter.
    85 | D:6      | Noticed a hound
   103 | D:6      | Noticed a phantom
   114 | D:6      | HP: 4/20 [phantom (5)]
   121 | D:6      | Slain by a phantom

Illustrated notes

Levels and vault maps discovered:
D:5:      layout_cave_pools, mainiacjoe_overflow_small_starburst,
          cheibrodos_sewer_entry_bend, uniq_edmund, uniq_grinder, uniq_pikel
D:6:      layout_gridville, gammafunk_ghost_stat_death, uniq_duvessa
D:7:      layout_basic, vehumet_crystals, mainiacjoe_overflow_cross_hatched,
          temple_hall

Action                   || total
-------------------------++-------
Melee: Battleaxe         ||    13
  Use: Potion            ||     2
       Scroll            ||     1
Armor: Leather armour    ||     4
Dodge: Dodged            ||     9

Table legend: (Time is in decaauts)
 A = Elapsed time spent in this place.
 B = Non-inter-level travel time spent in this place.
 C = Inter-level travel time spent in this place.
 D = Time resting spent in this place.
 E = Time spent auto-exploring this place.
 F = Levels seen in this place.
 G = Mean time per level.
                   A        B        C        D        E       F      G
               +--------+--------+--------+--------+--------+-----+--------+
         Total |    124 |    124 |      0 |      0 |      0 |   3 |   41.3 |
       Dungeon |    124 |    124 |      0 |      0 |      0 |   3 |   41.3 |
               +--------+--------+--------+--------+--------+-----+--------+

Top non-repeatable levels by time:
     D:6: 48 daAuts
     D:7: 43 daAuts
     D:5: 33 daAuts
